Map: Acid Plant LE

Players

Infamous

  • Race: Protoss Protoss
  • League: Silver
  • Spawn Location: 5:00

TossMySalad - Winner!

  • Race: Terran Terran
  • League: Gold
  • Spawn Location: 11:00

VOD

Have the link to the VOD?

Description

Time

  • Played on: April 10, 2018, 11:33 a.m.
  • Length: 10:56
Show
View Real Time Build Order
Export as new Build Order

Infamous Protoss 

Build Orders:  

Get SALT Encoding   

  12  0:01  Probe  
  13  0:20  Probe (Chrono Boost), Pylon  
  14  0:31  Probe (Chrono Boost)  
  15  0:37  Probe (Chrono Boost)  
  15  0:40  Gateway  
  16  0:49  Probe  
  17  0:59  Assimilator  
  17  1:01  Probe  
  18  1:14  Probe  
  19  1:28  Cybernetics Core  
  19  1:35  Probe  
  20  1:49  Assimilator  
  20  1:54  Probe  
  21  1:59  Pylon  
  21  2:03  Gateway  
  21  2:07  Warp Gate (Chrono Boost)  
  20  2:12  Nexus  
  20  2:18  Probe  
  20  2:20  Stalker (Chrono Boost)  
  22  2:51  Stalker (Chrono Boost)  
  24  3:04  Probe  
  25  3:08  Pylon  
  25  3:17  Robotics Facility  
  25  3:19  Probe  
  26  3:24  Probe  
  27  3:32  Probe  
  28  3:39  Gateway  
  28  3:47  Probe  
  33  3:51  Probe  
  34  4:02  Pylon  
  30  4:06  Probe x2  
  32  4:15  Gateway  
  32  4:17  Pylon, Sentry x2  
  34  4:20  Probe (Chrono Boost)  
  34  4:21  Observer  
  34  4:24  Probe (Chrono Boost)  
  39  4:35  Twilight Council  
  39  4:36  Probe (Chrono Boost)  
  39  4:38  Probe (Chrono Boost)  
  41  4:40  Immortal (Chrono Boost)  
  45  4:52  Probe  
  46  4:53  Pylon  
  45  5:01  Pylon  
  45  5:02  Probe  
  45  5:04  Probe  
  47  5:11  Stalker x3  
  53  5:14  Probe  
  53  5:17  Probe  
  55  5:24  Shield Battery  
  55  5:25  Assimilator  
  55  5:28  Assimilator  
  55  5:39  Zealot x3  
  55  5:40  Zealot  
  63  5:48  Twilight Council  
  63  5:49  Charge (Chrono Boost)  
  63  5:59  Immortal  
  63  6:01  Shield Battery  
  67  6:19  Sentry  
  67  6:21  Stalker  
  67  6:23  Zealot  
  67  6:24  Zealot  
  75  6:25  Colossus  
  75  6:39  Probe  
  77  6:40  Probe  
  77  6:45  Stalker x2  
  77  6:46  Stalker  
  83  6:47  Zealot  
  85  7:02  Probe  
  86  7:11  Robotics Bay  
  86  7:17  Pylon  
  86  7:20  Pylon  
  86  7:25  Probe  
  55  7:37  Immortal (Chrono Boost)  
  55  7:38  Stalker x4  
  63  8:04  Extended Thermal Lance (Chrono Boost)  
  63  8:06  Colossus (Chrono Boost)  
  63  8:09  Forge  
  63  8:10  Forge  
  69  8:17  Zealot  
  69  8:18  Zealot x3  
  77  8:32  Probe  
  77  8:33  Probe  
  77  8:45  Nexus  
  75  8:49  Pylon  
  75  8:50  Pylon  
  75  8:53  Pylon  
  63  8:58  Sentry x2, Stalker  
  63  8:59  Stalker  
  65  9:03  Colossus (Chrono Boost)  
  65  9:07  Protoss Ground Weapons Level 1 (Chrono Boost)  
  69  9:19  Photon Cannon  
  69  9:21  Photon Cannon  
  69  9:23  Photon Cannon  
  69  9:31  Stalker x3  
  75  9:47  Robotics Facility  
  75  9:59  Probe x3  
  78  10:05  Zealot  
  78  10:06  Zealot x3  
  86  10:11  Probe  
  65  10:37  Stalker  
  65  10:38  Stalker x3  
Show
View Real Time Build Order
Export as new Build Order

TossMySalad Terran - Winner!

Build Orders: Reaper Expand, MMM Bio 

Get SALT Encoding   

  12  0:01  SCV  
  13  0:13  SCV  
  14  0:17  Supply Depot  
  14  0:25  SCV  
  15  0:38  SCV  
  15  0:40  Barracks  
  16  0:45  Refinery  
  16  0:50  SCV  
  17  1:03  SCV  
  18  1:15  SCV  
  18  1:18  Supply Depot  
  19  1:30  Reaper  
  21  1:33  Orbital Command  
  20  1:49  Command Center  
  20  2:00  SCV  
  21  2:10  Factory  
  21  2:12  SCV  
  22  2:22  Refinery  
  22  2:24  SCV  
  22  2:29  Barracks Tech Lab  
  23  2:50  Marauder  
  25  2:53  Concussive Shells  
  25  2:54  SCV  
  26  2:58  Factory Tech Lab  
  26  3:03  Barracks, SCV  
  26  3:05  Barracks  
  27  3:07  SCV  
  27  3:12  Marauder  
  30  3:15  SCV  
  30  3:19  SCV  
  32  3:27  SCV  
  32  3:33  SCV, Marauder  
  36  3:39  SCV  
  36  3:40  Supply Depot  
  37  3:43  Stimpack  
  37  3:45  SCV  
  38  3:51  Barracks Reactor, SCV  
  38  3:53  Barracks Tech Lab  
  39  3:57  SCV, Marauder  
  42  4:06  Supply Depot  
  42  4:07  Engineering Bay  
  42  4:17  Engineering Bay  
  42  4:21  Marauder x2  
  42  4:23  SCV  
  47  4:27  Marine x2  
  47  4:28  Supply Depot  
  47  4:29  Combat Shields  
  49  4:36  SCV, Terran Infantry Weapons Level 1  
  50  4:48  SCV  
  51  5:01  Marine x4  
  51  5:04  Terran Infantry Armor Level 1  
  51  5:05  SCV  
  56  5:07  Supply Depot  
  56  5:13  Starport  
  56  5:17  SCV  
  56  5:19  Marine x4  
  56  5:20  Refinery  
  61  5:23  Refinery  
  61  5:29  SCV  
  61  5:34  Widow Mine  
  64  5:37  Marine x2, Marauder  
  64  5:38  Marauder  
  64  5:41  SCV  
  71  5:44  Supply Depot  
  71  5:53  SCV  
  71  5:54  Marine  
  71  5:55  Marine, Widow Mine, Starport Tech Lab  
  71  5:57  Starport  
  76  6:03  Marine x2  
  78  6:07  Supply Depot  
  78  6:12  Marine x2  
  80  6:21  Marine x2  
  80  6:23  Command Center  
  82  6:27  Armory  
  82  6:30  Marine, SCV  
  84  6:42  Supply Depot, SCV  
  84  6:43  SCV  
  86  6:47  Starport Tech Lab  
  86  6:51  Marine x2  
  86  6:52  Marine x2  
  90  6:55  SCV  
  91  7:06  Widow Mine  
  93  7:09  Marine  
  93  7:10  Supply Depot  
  93  7:13  Terran Infantry Weapons Level 2  
  93  7:14  Terran Infantry Armor Level 2  
  94  7:28  Widow Mine  
  81  7:44  High Capacity Fuel Tanks  
  81  7:45  Medivac  
  81  7:46  Medivac  
  81  7:47  Marine x2  
  81  7:48  Marine x2  
  86  8:03  Barracks x2  
  86  8:05  Marine x3  
  86  8:06  Marine  
  86  8:08  SCV  
  91  8:15  Medivac  
  91  8:19  Medivac  
  95  8:20  SCV  
  95  8:23  Marine x4  
  100  8:41  Marine x4  
  95  9:10  Barracks Tech Lab  
  95  9:11  Barracks Tech Lab, Marauder x2  
  99  9:26  Supply Depot  
  99  9:28  Supply Depot, SCV  
  100  9:32  Marauder x2  
  100  9:33  Marauder x2  
  100  9:34  Marine  
  100  9:35  Marine  
  110  9:40  SCV  
  110  9:44  Medivac x2  
  115  9:51  Planetary Fortress  
  115  9:52  Marine x2, SCV  
  116  9:54  Marine, Marauder x3  
  116  9:56  Supply Depot  
  116  9:59  Widow Mine  
  127  10:05  SCV  
  128  10:10  Marine x2  
  128  10:11  Marine  
  131  10:15  Marauder x3  
  131  10:18  Supply Depot x2  
  131  10:21  Widow Mine  
  139  10:28  Marine x2  
  131  10:29  Marine  
Tags
 
Composition
MMM Bio
Matchup
PvT
Replay Pack
Last Remnant (2)
Spawn Locations
Cross Positions
Add a new tag
Caveats
  • Supply blocks, unpowered buildings, or Contaminate may cause inaccurate times.
  • Supply counts are checked every 10 seconds.